 Dungeon Crawl Stone Soup version 0.30-a0-279-g4b46babb21 (webtiles) character file.

Game seed: 10749627733208757551

112 hikkokomori the Shooter (level 4, -6/28 HPs)
             Began as a Tengu Hunter on Oct 17, 2022.
             Killed by divine providence
             ... invoked by an orc priest
              (11 damage)
             ... on level 3 of the Dungeon.
             The game lasted 00:03:06 (1268 turns).

hikkokomori the Shooter (Tengu Hunter)              Turns: 1268, Time: 00:03:06

Health: -6/28      AC:  3    Str: 11    XL:     4   Next: 95%
Magic:  5/5        EV: 28    Int:  9    God:
Gold:   141        SH:  0    Dex: 20    Spells: 0/3 levels left

rFire   . . .      SeeInvis .    a - +0 shortbow
rCold   . . .      Faith    .    (shield currently unavailable)
rNeg    . . .      Spirit   .    c - +0 leather armour
rPois   .          Reflect  .    (helmet restricted)
rElec   .          Harm     .    (no cloak)
rCorr   .          Rampage  .    (no gloves)
Will    .....                    (boots unavailable)
Stlth   ++........               f - amulet of the acrobat
HPRegen 0.24/turn                (no ring)
MPRegen 0.09/turn                (no ring)

@: acrobatic
A: beak, talons 3
a: no special abilities


You were on level 3 of the Dungeon.
You visited 1 branch of the dungeon, and saw 3 of its levels.

You collected 141 gold pieces.

Inventory:

Hand Weapons
 a - a +0 shortbow (weapon)
Armour
 c - a +0 leather armour (worn)
Jewellery
 f - an amulet of the acrobat (around neck)
 i - a ring of resist corrosion
Scrolls
 b - a scroll of immolation
 d - 2 scrolls of fear {unknown}
 e - a scroll of identify {unknown}
 g - a scroll of amnesia {unknown}
 j - a scroll of teleportation {unknown}
Potions
 h - a potion of brilliance {unknown}
 k - a potion of lignification {unknown}


   Skills:
 + Level 3.1 Fighting
 + Level 5.1 Ranged Weapons
 + Level 3.0 Dodging
 + Level 2.0 Stealth
 + Level 0.3 Hexes
 + Level 0.4 Translocations


You couldn't memorise any spells.
You knew the following spells:

 Your Spells              Type           Power      Damage    Failure   Level
a - Portal Projectile     Hex/Tloc       0%         N/A       80%         3

Your spell library contained the following spells:

 Spells                   Type           Power      Damage    Failure   Level
 Sublimation of Blood     Necr           0%         N/A       63%         2
 Wereblood                Tmut           0%         N/A       63%         2
 Kindle Blastsparks       Fire/Tloc/Air  0%         2d10      83%         3
 Call Canine Familiar     Summ           0%         N/A       85%         3
 Ignite Poison            Fire/Tmut/Pois 0%         N/A       85%         3
 Leda's Liquefaction      Hex/Erth       0%         N/A       99%         4
 Freezing Cloud           Conj/Ice/Air   0%         6-21      100%        5
 Summon Hydra             Summ           0%         N/A       100%        7


Dungeon Overview and Level Annotations

Branches:
Dungeon (3/15)

Altars:
The Shining One

Annotations:
D:2 Natasha


Innate Abilities, Weirdness & Mutations

You have a beak for a mouth.
You have claws for feet.


Message History

You shoot an arrow. The arrow hits the orc priest.
The orc priest is severely wounded.
There are monsters nearby!
You shoot an arrow. The arrow closely misses the orc.
You shoot an arrow. The arrow hits the orc.
The orc is moderately wounded.
You shoot an arrow. The arrow closely misses the orc.
The orc barely misses you.
You shoot an arrow. The arrow hits the orc.
The orc is moderately wounded.
The orc hits you but does no damage.
Fire: a) +0 shortbow
Press: ? - help, Q - select action Shift-Dir - straight line, f - orc priest, p - orc
Aim: an orc priest, wielding a +0 dagger (severely wounded, 65% to hit)
You shoot an arrow. The arrow hits the orc priest!
You kill the orc priest!
The orc hits you with a +0 club.
Your Dodging skill increases to level 3!
Your Stealth skill increases to level 2!
You shoot an arrow. The arrow hits the orc.
You kill the orc!
The orc barely misses you.
You shoot an arrow. The arrow hits the orc.
The orc is severely wounded.
An orc priest comes into view. It is wielding a +0 morningstar.
The orc misses you. The orc closely misses you.
You shoot an arrow. The orc priest shouts!
The arrow hits the orc but does no damage.
The orc is severely wounded.
The orc misses you.
You shoot an arrow. The arrow hits the orc!
You kill the orc!
The orc priest invokes the aid of Beogh against you.
Beogh smites you!
* * * LOW HITPOINT WARNING * * *
You are too injured to fight recklessly!
The orc priest invokes the aid of Beogh against you.
Beogh smites you!
You die...

#+##.####.#.####.####.#
# #.#............ .#
#.##.######.## ###
#.#..#........ o..
#.##.#....#..###....
#.##.#....#.........
#.##.#.#..#.))....#
#.##.#.#..#..)..# #
#.##......#@#####.###
#.#.##......#.........#
#.......[.####.########
###.###...'.)†.# #.#
#...###..# #.# #...#
#.†# #.# #...# #....
#.# ##### #.#### #..
...


You could see an orc priest.

Vanquished Creatures
  An orc priest (D:3)
  Natasha (D:2)
  An adder (D:2)
  A dart slug (D:1)
  2 worms
  2 orcs (D:3)
  5 bats
  3 endoplasms
  5 goblins
  5 hobgoblins
  A quokka (D:3)
  3 ball pythons (D:2)
  A frilled lizard (D:2)
  7 kobolds
  2 rats
40 creatures vanquished.

Notes
Turn   | Place    | Note
-------+----------+-------------------------------------------
     0 | D:1      | hikkokomori the Tengu Hunter began the quest for the Orb.
     0 | D:1      | Reached XP level 1. HP: 12/12 MP: 2/2
   212 | D:1      | Reached XP level 2. HP: 17/17 MP: 3/3
   600 | D:2      | Reached XP level 3. HP: 22/22 MP: 4/4
   601 | D:2      | Found a faded altar of an unknown god.
   630 | D:2      | Noticed Natasha
   635 | D:2      | Killed Natasha
   664 | D:2      | Reached skill level 5 in Ranged Weapons
   665 | D:2      | Reached XP level 4. HP: 27/27 MP: 5/5
   843 | D:2      | Noticed Natasha
  1128 | D:3      | Found a glowing golden altar of the Shining One.
  1133 | D:3      | Learned a level 3 spell: Portal Projectile
  1268 | D:3      | Killed from afar by an orc priest

Illustrated notes

Levels and vault maps discovered:
D:1:      minmay_arrival_semitransparent, layout_basic
D:2:      layout_rooms, ebering_ecumenical_altar_box, kennysheep_generic_room_2,
          uniq_natasha
D:3:      layout_basic, tso_metal_star

Skill      XL: |  1  2  3  4 |
---------------+-------------+-----
Ranged Weapons | 5 |  5.1
Fighting       | 3 |  3.1
Dodging        | 3 |  3.0
Stealth        | 2 |  2.0
Hexes          | |  0.3
Translocations | |  0.4

Action                   |  1- 3 |  4- 6 || total
-------------------------+-------+-------++-------
 Fire: Shortbow          |    37 |    64 ||   101
Armor: Leather armour    |       |     6 ||     6
Dodge: Dodged            |     2 |    15 ||    17

Table legend: (Time is in decaauts)
 A = Elapsed time spent in this place.
 B = Non-inter-level travel time spent in this place.
 C = Inter-level travel time spent in this place.
 D = Time resting spent in this place.
 E = Time spent auto-exploring this place.
 F = Levels seen in this place.
 G = Mean time per level.
                   A        B        C        D        E       F      G
               +--------+--------+--------+--------+--------+-----+--------+
         Total |   1312 |   1272 |     40 |    140 |    879 |   3 |  437.3 |
       Dungeon |   1312 |   1272 |     40 |    140 |    879 |   3 |  437.3 |
               +--------+--------+--------+--------+--------+-----+--------+

Top non-repeatable levels by time:
     D:1: 732 daAuts
     D:2: 331 daAuts
     D:3: 248 daAuts
